 Dungeon Crawl Stone Soup version 0.31-a0-263-ge8cad7f256 (webtiles) character file.

Game seed: 11215354895128850990

2417 Newt the Covert (level 9, -7/66 HPs)
             Began as a Demonspawn Gladiator on July 13, 2023.
             Was a Believer of Hepliaklqana.
             Mangled by a death yak (20 damage)
             ... on level 8 of the Dungeon.
             The game lasted 00:09:18 (7419 turns).

Newt the Covert (Demonspawn Gladiator)              Turns: 7419, Time: 00:09:19

Health: -7/66      AC: 19    Str: 21    XL:     9   Next: 24%
Magic:  0/9        EV: 18    Int: 11    God:    Hepliaklqana [**....]
Gold:   67         SH:  8    Dex: 14    Spells: 8/8 levels left

rFire   . . .        o - +2 dagger (venom)
rCold   . . .        c - +0 buckler of Muttered Phrases {Str+3}
rNeg    . . .        E - +0 steam dragon scales
rPois   +            r - +0 helmet "Tinlu" {Regen+}
rElec   .            F - +1 cloak {rPois}
rCorr   .            (no gloves)
SInv    .            J - +0 pair of boots
Will    .....        v - amulet of guardian spirit
Stlth   ++++         u - +4 ring of protection
HPRegen 1.11/turn    k - +5 ring of evasion
MPRegen 0.11/turn

%: guardian spirit
@: about to teleport, studying Stealth
A: reduced essence, hooves 1, rugged brown scales 1, icemail 1, powered by death
1, condensation shield
a: Renounce Religion, Recall Ancestor, Ancestor Identity


You were on level 8 of the Dungeon.
You worshipped Hepliaklqana.
Hepliaklqana was pleased with you.
You visited 2 branches of the dungeon, and saw 9 of its levels.

You collected 417 gold pieces.
You spent 350 gold pieces at shops.

Inventory:

Hand Weapons
 o - a +2 dagger of venom (weapon)
Missiles
 d - 3 throwing nets (quivered)
 e - a javelin
 t - 4 poisoned darts
 C - 3 boomerangs
Armour
 b - a +0 leather armour of willpower
 c - the +0 buckler of Muttered Phrases (worn) {Str+3}
   (You acquired it on level 7 of the Dungeon)

   Str:       It affects your strength (+3).
 r - the +0 helmet "Tinlu" (worn) {Regen+}
   (You bought it in a shop on level 2 of the Dungeon)

   Regen:     It increases your rate of health regeneration.
 E - +0 steam dragon scales (worn)
 F - a +1 cloak of poison resistance (worn)
 J - a +0 pair of boots (worn)
Jewellery
 j - a ring of poison resistance
 k - a +5 ring of evasion (right hand)
 u - a +4 ring of protection (left hand)
 v - an amulet of guardian spirit (around neck)
 H - a ring of protection from cold
 I - a ring of see invisible
Talismans
 l - a maw talisman
Wands
 p - a wand of charming (13)
Scrolls
 h - a scroll of teleportation
 q - a scroll of poison
 x - a scroll of immolation {unknown}
 y - 2 scrolls of revelation
 A - 2 scrolls of enchant weapon
 B - a scroll of vulnerability {unknown}
 D - a scroll of fog {unknown}
 G - a scroll of enchant armour {unknown}
Potions
 a - a potion of curing
 f - a potion of haste {unknown}
 g - a potion of degeneration
 i - 2 potions of might
 m - 2 potions of invisibility {unknown}
 n - 3 potions of heal wounds {unknown}
 s - 2 potions of enlightenment {unknown}
 w - 2 potions of brilliance {unknown}
 z - 2 potions of magic {unknown}


   Skills:
 - Level 7.0 Fighting
 - Level 4.0 Short Blades
 - Level 1.7 Throwing
 - Level 5.0 Armour
 - Level 4.0 Dodging
 - Level 10.0 Stealth
 + Level 1.0 Shields


You had 8 spell levels left.
You didn't know any spells.
Your spell library contained the following spells:

 Spells                   Type           Power      Damage    Failure   Level
 Sandblast                Erth           0%         2d4       41%         1
 Slow                     Hex            0%         N/A       41%         1
 Cigotuvi's Dreadful Rot  Necr/Pois/Air  0%         N/A       56%         2
 Passwall                 Tmut/Erth      0%         N/A       56%         2
 Confusing Touch          Hex            0%         N/A       80%         3
 Gell's Gravitas          Tloc           0%         N/A       80%         3
 Hailstorm                Conj/Ice       0%         3d3       80%         3
 Stone Arrow              Conj/Erth      0%         3d7       80%         3
 Teleport Other           Tloc           0%         N/A       80%         3
 Vampiric Draining        Necr           0%         2d6       80%         3
 Dispel Undead            Necr           0%         3d6       99%         4
 Summon Ice Beast         Ice/Summ       0%         N/A       99%         4
 Death Channel            Necr           0%         N/A       100%        6
 Dispersal                Tloc           0%         N/A       100%        6
 Simulacrum               Ice/Necr       0%         N/A       100%        6


Dungeon Overview and Level Annotations

Branches:
Dungeon (8/15)             Temple (1/1) D:5            Lair (0/5) D:8

Altars:
Ashenzari
Cheibriados
Dithmenos
Hepliaklqana
Kikubaaqudgha
Ru
Sif Muna
Trog
Vehumet
Xom
Yredelemnul

Shops:
D:2 [


Innate Abilities, Weirdness & Mutations

Your life essence is reduced to manifest your ancestor. (-10% HP)
You have large cloven feet.
You are partially covered in rugged brown scales. (AC +1, +3% HP)
A meltable icy envelope protects you from harm. (AC +4)
You regenerate a little health from kills.
A meltable shield of frost defends you. (SH +4)


Message History

You hit the death yak.
The death yak looks as sick as possible!
The death yak is lightly wounded.
Yayatum gestures at the death yak while chanting.
Something gores Yayatum!!
The death yak barely misses you.
A death yak comes into view.
Unknown command.
You barely miss the death yak.
The death yak is moderately wounded.
Something barely misses Yayatum.
A death yak comes into view.
The death yak closely misses you.
Unknown command.
You barely miss the death yak.
The death yak is moderately wounded.
A bullfrog comes into view.
The death yak gores you.
Unknown command.
The death yak attacks as you move away! The death yak closely misses you.
Yayatum hits the death yak but does no damage.
The death yak attacks as you move away! You block the death yak's attack.
The death yak attacks as you move away!
The death yak gores you but does no damage.
Yayatum hits the death yak but does no damage.
Yayatum drains the death yak.
Yayatum completely misses the death yak.
Unknown command.
As you read the scroll of teleportation, it crumbles to dust.
You feel strangely unstable.
Yayatum hits the death yak but does no damage.
Yayatum drains the death yak.
The death yak completely misses you. The death yak gores you!
Yayatum hits the death yak with a +0 dagger of draining.
Unknown command.
The death yak attacks as you move away! The death yak gores you.
Yayatum hits the death yak but does no damage.
The death yak attacks as you move away! The death yak gores you!
* * * LOW HITPOINT WARNING * * *
The death yak attacks as you move away! The death yak gores you!!
You die...

########.#
.........##
##........#
#........#
#........####
#....~~..#..
.......~..#.#
..........#.#
.........@..#####
........YY......
..####Y....##.#
..####.Y####
#...R.# #..#Y#F#
....... Y..
>...... .....
..###.. .......


You could see the friendly Yayatum the hexer, 6 death yaks and a bullfrog.

Vanquished Creatures
  Sigmund (D:5)
  A wyvern (D:7)
  An orc warrior (D:6)
  2 black bears
  An ice beast (D:7)
  A centaur (D:5)
  A phantom (D:6)
  4 bullfrogs
  3 scorpions
  3 howler monkeys (D:7)
  An electric eel (D:7)
  2 orc priests (D:6)
  4 hounds
  2 iguanas
  2 sleepcaps
  An orc wizard (D:6)
  A mummy (D:4)
  6 gnolls (D:3)
  9 adders
  2 ufetubi (D:6)
  2 worms (D:3)
  A dart slug (D:1)
  11 orcs
  10 ball pythons
  5 endoplasms
  4 giant cockroaches
  45 goblins
  25 hobgoblins
  9 jackals
  2 quokkas
  4 bats
  4 frilled lizards
  9 kobolds
  5 rats (D:1)
184 creatures vanquished.

Vanquished Creatures (collateral kills)
  A steam dragon (D:6)
  An ice beast (D:6)
  A phantom (D:7)
  3 orc wizards (D:6)
  An orc (D:6)
7 creatures vanquished.

Vanquished Creatures (others)
  An ancestor (D:6)
1 creature vanquished.

Grand Total: 192 creatures vanquished

Notes
Turn   | Place    | Note
-------+----------+-------------------------------------------
     0 | D:1      | Newt the Demonspawn Gladiator began the quest for the Orb.
     0 | D:1      | Reached XP level 1. HP: 16/16 MP: 1/1
   305 | D:1      | Gained mutation: A meltable shield of frost defends you.
                  | (SH +4) [demonic ancestry]
   305 | D:1      | Reached XP level 2. HP: 22/23 MP: 2/2
   825 | D:1      | Reached XP level 3. HP: 29/29 MP: 3/3
  1032 | D:2      | Found Yppageur's Armour Emporium.
  1264 | D:2      | Reached skill level 1 in Stealth
  1264 | D:2      | Gained mutation: You are partially covered in rugged brown
                  | scales. (AC +1, +3% HP) [demonic ancestry]
  1264 | D:2      | Reached XP level 4. HP: 19/38 MP: 4/4
  1408 | D:2      | Reached skill level 2 in Stealth
  2099 | D:3      | Reached skill level 3 in Stealth
  2107 | D:3      | Gained mutation: A meltable icy envelope protects you from
                  | harm. (AC +4) [demonic ancestry]
  2107 | D:3      | Reached XP level 5. HP: 38/43 MP: 5/5
  2666 | D:2      | Bought the +0 helmet "Tinlu" {Regen+} for 161 gold pieces
  2975 | D:3      | Gained mutation: You have large cloven feet. [demonic
                  | ancestry]
  2975 | D:3      | Reached XP level 6. HP: 49/49 MP: 6/6
  4112 | D:4      | Found a snail-covered altar of Cheibriados.
  4172 | D:5      | Entered Level 5 of the Dungeon
  4172 | D:5      | Noticed Sigmund
  4195 | D:5      | Killed Sigmund
  4196 | D:5      | Reached skill level 5 in Fighting
  4196 | D:5      | Gained mutation: You regenerate a little health from kills.
                  | [demonic ancestry]
  4196 | D:5      | Reached XP level 7. HP: 52/57 MP: 7/7
  4265 | D:5      | Found a staircase to the Ecumenical Temple.
  4290 | Temple   | Entered the Ecumenical Temple
  4407 | Temple   | Became a worshipper of Hepliaklqana the Forgotten
  4662 | D:5      | Reached skill level 1 in Armour
  5136 | D:6      | Reached * piety under Hepliaklqana
  5173 | D:6      | Noticed a steam dragon
  5183 | D:6      | Killed a steam dragon
  5184 | D:6      | Reached XP level 8. HP: 34/62 MP: 3/8
  5276 | D:2      | Bought a +1 cloak of poison resistance for 189 gold pieces
  5506 | D:6      | Identified a scroll of acquirement
  5506 | D:6      | Acquired a manual of Stealth
  5686 | D:6      | Reached skill level 5 in Armour
  5695 | D:6      | Reached skill level 4 in Stealth
  5758 | D:6      | Reached skill level 5 in Stealth
  5776 | D:6      | Reached skill level 6 in Stealth
  6121 | D:7      | Reached skill level 7 in Stealth
  6148 | D:7      | Reached skill level 8 in Stealth
  6274 | D:7      | Reached XP level 9. HP: 66/66 MP: 9/9
  6291 | D:7      | Reached skill level 9 in Stealth
  6328 | D:7      | Acquired the +0 buckler of Muttered Phrases {Str+3}
  6595 | D:7      | Reached ** piety under Hepliaklqana
  6596 | D:7      | Remembered your ancestor Yayatum as a hexer
  6757 | D:7      | Reached skill level 10 in Stealth
  6757 | D:7      | Reached skill level 1 in Shields
  6953 | D:7      | Found a shimmering blue altar of Sif Muna.
  7399 | D:8      | Noticed a death yak
  7400 | D:8      | Noticed a death yak
  7400 | D:8      | Noticed a death yak
  7402 | D:8      | Noticed a death yak
  7403 | D:8      | Found a staircase to the Lair.
  7403 | D:8      | Noticed a death yak
  7411 | D:8      | Noticed a death yak
  7412 | D:8      | Noticed a death yak
  7419 | D:8      | Mangled by a death yak

Illustrated notes

Levels and vault maps discovered:
D:1:      mushboom_english_gardens, layout_loops_corners
D:2:      layout_loops_ring, serial_shops, shop, minmay_liquid_box,
          kennysheep_generic_room_7
D:3:      minmay_goblin_kobold_castle, layout_rooms
D:4:      layout_basic, slow_altar_2, minivault_14, minmay_goblin_outpost
D:5:      layout_basic, minmay_temple_entry_ruins,
          nicolae_kite_square_tiling_tiny, uniq_sigmund
D:6:      layout_loops_ring, mainiacjoe_overflow_alcove_1
D:7:      layout_basic, lemuel_blue_sif_altar, water_boxes_lemuel
D:8:      minmay_slanted_spiral_squares, layout_basic, kennysheep_mini,
          okawaru_ov_weapons_minmay, dpeg_lair_monsters
Temple:   nicolae_temple_two_arcs

Skill      XL: |  1  2  3  4  5  6  7  8  9 |
---------------+----------------------------+-----
Fighting       | 3 4 5 7 |  7.0
Stealth        | 1 3 8 10 | 10.0
Short Blades   | 4 |  4.0
Dodging        | 3 4 |  4.0
Armour         | 3 5 |  5.0
Shields        | 1 |  1.0
Throwing       | |  1.7

Action                     |  1- 3 |  4- 6 |  7- 9 || total
---------------------------+-------+-------+-------++-------
  Melee: Rapier            |    62 |       |       ||    62
         Punch             |     2 |     4 |     2 ||     8
         Dagger            |    56 |   345 |   221 ||   622
         Kick              |       |    24 |    64 ||    88
  Throw: Dart              |       |     3 |       ||     3
         Throwing net      |       |     3 |       ||     3
 Invoke: Ancestor Life: He |       |       |     1 ||     1
    Use: Scroll            |     4 |     4 |     4 ||    12
         Potion            |       |     1 |       ||     1
   Stab: Sleeping          |       |     4 |    10 ||    14
         Distracted        |       |     1 |       ||     1
 Armour: Leather armour    |    27 |    83 |    17 ||   127
         Steam dragon scal |       |       |    35 ||    35
  Dodge: Dodged            |    63 |   230 |   142 ||   435
  Block: Other             |    17 |    67 |    28 ||   112
         Buckler           |       |       |     9 ||     9

Table legend: (Time is in decaauts)
 A = Elapsed time spent in this place.
 B = Non-inter-level travel time spent in this place.
 C = Inter-level travel time spent in this place.
 D = Time resting spent in this place.
 E = Time spent auto-exploring this place.
 F = Levels seen in this place.
 G = Mean time per level.
                   A        B        C        D        E       F      G
               +--------+--------+--------+--------+--------+-----+--------+
         Total |   7321 |   6785 |    536 |      0 |   5575 |   9 |  813.4 |
       Dungeon |   7193 |   6671 |    522 |      0 |   5469 |   8 |  899.1 |
        Temple |    127 |    113 |     14 |      0 |    106 |   1 |  127.0 |
               +--------+--------+--------+--------+--------+-----+--------+

Top non-repeatable levels by time:
     D:3: 1320 daAuts
     D:7: 1264 daAuts
     D:2: 987 daAuts
     D:4: 982 daAuts
     D:1: 946 daAuts
     D:5: 841 daAuts
     D:6: 822 daAuts
  Temple: 127 daAuts
     D:8: 27 daAuts
